 Dungeon Crawl Stone Soup version 0.21-a0-84-g85d6d27 (webtiles) character file.

32 Firecrotchwizard the Cudgeler (level 3, -1/33 HPs)
             Began as a Minotaur Berserker on July 1, 2017.
             Was a Believer of Trog.
             Killed from afar by Sigmund (11 damage)
             ... with a magic dart
             ... on level 2 of the Dungeon.
             The game lasted 00:01:46 (615 turns).

Firecrotchwizard the Cudgeler (Minotaur Berserker)   Turns: 615, Time: 00:01:47

Health: -1/33      AC:  0    Str: 21    XL:     3   Next: 8%
Magic:  2/2        EV: 21    Int:  4    God:    Trog [**....]
Gold:   61         SH:  0    Dex: 15    Spells: 2/2 levels left

rFire    . . .     SeeInvis .   (weapon currently unavailable)
rCold    . . .     Gourm    .   (shield currently unavailable)
rNeg     . . .     Faith    .   (armour currently unavailable)
rPois    .         Spirit   .   (helmet currently unavailable)
rElec    .         Reflect  .   (cloak currently unavailable)
rCorr    .         Harm     .   (gloves currently unavailable)
MR       .....                  (boots currently unavailable)
Stlth    +.........             k - amulet of magic regeneration
HPRegen  0.11/turn              (ring currently unavailable)
MPRegen  0.33/turn              (ring currently unavailable)

@: bat-form (expiring), flying, very quick
A: (retaliatory headbutt)
a: Berserk, Trog's Hand, Burn Spellbooks, Renounce Religion


You were on level 2 of the Dungeon.
You worshipped Trog.
Trog was pleased with you.
You were not hungry.
You were in bat-form.
You visited 1 branch of the dungeon, and saw 2 of its levels.

You collected 61 gold pieces.

Inventory:

Hand Weapons
 a - a +0 mace (melded)
 i - a +0 dagger of freezing
   (You found it on level 1 of the Dungeon)
Armour
 b - a +0 animal skin
 e - a +0 ring mail (melded)
   (You found it on level 1 of the Dungeon)
Jewellery
 k - an amulet of magic regeneration (around neck)
   (You found it on level 2 of the Dungeon)
Scrolls
 g - 2 scrolls of identify {unknown}
 j - 2 scrolls of fear {unknown}
Potions
 f - a potion of haste {unknown}
 h - a potion of resistance {unknown}
Comestibles
 c - a bread ration {@e1}
 d - 12 chunks of flesh {@w0}


   Skills:
 + Level 3.9 Fighting
 * Level 4.3 Maces & Flails
 + Level 2.4 Armour
 + Level 3.1 Dodging


You had 2 spell levels left.
You didn't know any spells.

Dungeon Overview and Level Annotations

Branches:
Dungeon (2/15)

Altars:

Annotations:
D:2 Sigmund


Innate Abilities, Weirdness & Mutations

((You reflexively headbutt those who attack you in melee.))
((You have a pair of horns on your head.))


Message History

You thump the rat!
You kill the rat!
Trog accepts your kill.
Your Dodging skill increases to level 3!
No target in view!
You butcher the rat corpse.
d - 9 chunks of flesh {@w0} (gained 1)
You butcher the frilled lizard corpse.
d - 10 chunks of flesh {@w0} (gained 1)
Things that are here:
a club; a hobgoblin corpse You butcher the hobgoblin corpse.
d - 13 chunks of flesh {@w0} (gained 3)
You see here a club. x2
k - a dented sapphire amulet The amulet hums as it attunes itself to your energized body.
k - an amulet of magic regeneration (around neck)
A goblin comes into view. It is wielding a club.
A hobgoblin comes into view. It is wielding a club.
The hobgoblin shouts!
You closely miss the goblin. The goblin hits you but does no damage.
Some of the chunks of flesh in your inventory have rotted away.
You sock the goblin!
You kill the goblin!
Trog accepts your kill.
Sigmund the Dreaded comes into view.
He is wielding a scythe.
Sigmund shouts!
You sock the hobgoblin!
You kill the hobgoblin!
Trog accepts your kill.
Sigmund zaps a wand.
You turn into a bat.
Your +0 mace melds into your body.
Your +0 ring mail melds into your body.
It is a wand of polymorph (?/24).
Things that are here:
a club; a hobgoblin corpse Your skin crawls.
You feel resistant to hostile enchantments.
You feel somewhat more hungry.
An adder comes into view.
Unknown command.
The adder hisses angrily.
Sigmund mumbles some strange words.
Sigmund flickers and vanishes!
Deactivating autopickup; reactivate with Ctrl-A.
You hear some strange, mumbled words.
Something tries to affect you, but you resist.
You completely miss the adder. The adder bites you.
You hear a zap.
Something tries to affect you, but you resist.
You take 2 damage, and have 31/33 hp.
You hit the adder but do no damage. The adder barely misses you.
You hear a zap.
Something tries to affect you, but you resist.
The adder completely misses you.
You closely miss the adder. Something hits you but does no damage.
The adder closely misses you.
Health restored: 33 You barely miss the adder.
The adder completely misses you.
You hit the adder but do no damage. The adder barely misses you.
You hear some strange, mumbled words.
A magic dart appears from out of thin air!
The magic dart hits you!
You take 5 damage, and have 28/33 hp.
You barely miss the adder. The adder completely misses you. Something hits you.
The adder completely misses you.
You take 1 damage, and have 27/33 hp.
You hit the adder.
You feel the effects of Trog's Hand fading.
The adder completely misses you.
You hear a zap.
You closely miss the adder. The adder closely misses you.
You hear a zap.
Something tries to affect you, but you resist.
You barely miss the adder. The adder closely misses you.
You hit the adder but do no damage. The adder bites you. Something hits you!
You take 11 damage, and have 19/33 hp.
MASSIVE DAMAGE!!
You barely miss the adder. The adder closely misses you.
Something barely misses you. The adder completely misses you.
You hit the adder.
Your skin stops crawling.
You feel less resistant to hostile enchantments.
The adder bites you.
You take 2 damage, and have 18/33 hp.
You miss the adder. Something hits you. The adder misses you.
You take 1 damage, and have 17/33 hp.
You hit the adder. The adder closely misses you.
You hear some strange, mumbled words.
A puff of flame appears from out of thin air!
The puff of flame hits you!
You take 7 damage, and have 10/33 hp.
MASSIVE DAMAGE!!
You can't do that in your present form.
Something closely misses you.
Things that are here:
a club; a hobgoblin corpse Your transformation is almost over.
A magic dart appears from out of thin air!
The magic dart hits you!
You die...

..... .#.#
.....######.#.##
...........+....
...?.........#
#...........#
#...........+
#...........#
+.....{.....#
#)b)S....../#
#.###########
#...# #######.#
###....##.####
............#
#..........#
#..........#
#..........#


You could see an adder.

Vanquished Creatures
  A leopard gecko (D:1)
  2 ball pythons (D:1)
  4 hobgoblins
  2 jackals (D:1)
  6 bats (D:1)
  4 frilled lizards
  5 goblins
  2 kobolds (D:1)
  3 rats
29 creatures vanquished.

Notes
Turn   | Place    | Note
-------+----------+-------------------------------------------
     0 | D:1      | Firecrotchwizard the Minotaur Berserker began the quest for the Orb.
     0 | D:1      | Reached XP level 1. HP: 19/19 MP: 0/0
   164 | D:1      | Reached skill level 4 in Maces & Flails
   167 | D:1      | Reached XP level 2. HP: 24/27 MP: 1/1
   494 | D:1      | Reached ** piety under Trog
   561 | D:2      | Reached XP level 3. HP: 33/33 MP: 2/2
   565 | D:2      | Reached skill level 3 in Dodging
   591 | D:2      | Noticed Sigmund
   615 | D:2      | Killed from afar by Sigmund

Vault maps used:
D:1:      tarquinn_simple_flora_water_e, nrook_mini_backslash,
          minmay_misc_feat_doors
D:2:      nicolae_overflow_hidden_temple, small_statue_intersection,
          uniq_sigmund, uniq_jessica

Skill      XL: |  1  2  3 |
---------------+----------+-----
Maces & Flails | 4 |  4.3
Dodging        | 3 |  3.1
Fighting       | |  3.9
Armour         | |  2.4

Action                   || total
-------------------------++-------
Melee: Mace              ||    40
       Headbutt          ||     3
       Unarmed           ||    14
Invok: Trog's Hand       ||     1
Armor: Animal skin       ||     8
       Ring mail         ||    10
Dodge: Dodged            ||    38

Vault maps used:
D:1:      tarquinn_simple_flora_water_e, nrook_mini_backslash,
          minmay_misc_feat_doors
D:2:      nicolae_overflow_hidden_temple, small_statue_intersection,
          uniq_sigmund, uniq_jessica

Table legend:
 A = Turns spent in this place as a percentage of turns spent in the entire game.
 B = Non-inter-level travel turns spent in this place as a percentage of non-inter-level travel turns spent in the entire game.
 C = Inter-level travel turns spent in this place as a percentage of turns spent in this place.
 D = Turns resting spent in this place as a percentage of non-inter-level travel turns spent in this place.
 E = Turns spent auto-exploring this place as a percentage of non-inter-level travel turns spent in this place.
 F = Non-inter-level travel turns spent in this place divided by the number of levels of this place that you've seen.
                   A       B       C       D       E      F
               +-------+-------+-------+-------+-------+----------------------
         Total | 100.0 | 100.0 |   1.0 |   2.1 |  14.2 |  95.0
       Dungeon | 100.0 | 100.0 |   1.0 |   2.1 |  14.2 |  95.0
               +-------+-------+-------+-------+-------+----------------------

Table legend:
 A = Kills in this place as a percentage of kills in entire the game.
 B = Kills by you in this place as a percentage of kills by you in the entire game.
 C = Kills by friends in this place as a percentage of kills by friends in the entire game.
 D = Other kills in this place as a percentage of other kills in the entire game.
 E = Experience gained in this place as a percentage of experience gained in the entire game.
 F = Experience gained in this place divided by the number of levels of this place that you have seen.
                   A       B       C       D       E      F
               +-------+-------+-------+-------+-------+----------------------
         Total | 100.0 | 100.0 |  -nan |  -nan | 100.0 |  23.0
       Dungeon | 100.0 | 100.0 |  -nan |  -nan | 100.0 |  23.0
               +-------+-------+-------+-------+-------+----------------------
